 Dungeon Crawl Stone Soup version 0.27.1-34-g3ba077fa99 (webtiles) character file.

Game seed: 6207845468164144550

17 zeram the Sneak (level 2, 0/17 HPs)
             Began as an Octopode Enchanter on Jan 8, 2022.
             Slain by a quokka (2 damage)
             ... on level 1 of the Dungeon.
             The game lasted 00:01:02 (1559 turns).

zeram the Sneak (Octopode Enchanter)                Turns: 1559, Time: 00:01:03

Health: 0/17       AC:  1    Str:  7    XL:     2   Next: 62%
Magic:  5/5        EV: 13    Int: 17    God:
Gold:   82         SH:  0    Dex: 12    Spells: 2/5 levels left

rFire    . . .     SeeInvis .   a - +1 dagger
rCold    . . .     Faith    .   (no shield)
rNeg     . . .     Spirit   .   (helmet restricted)
rPois    .         Reflect  .   (no amulet)
rElec    .         Harm     .   (no ring)
rCorr    .         Rampage  .   (no ring)
Will     .....                  (no ring)
Stlth    ++++......             (no ring)
HPRegen  0.05/turn              (no ring)
MPRegen  0.09/turn              (no ring)
                                (no ring)
                                (no ring)

@: no status effects
A: almost no armour, amphibious, 8 rings, camouflage 1, gelatinous body 1,
(nimble swimmer 1), tentacles
a: no special abilities


You were on level 1 of the Dungeon.
You visited 1 branch of the dungeon, and saw 2 of its levels.

You collected 82 gold pieces.

Inventory:

Hand Weapons
 a - a +1 dagger (weapon)
Potions
 d - 2 potions of mutation


   Skills:
 - Level 1.0 Short Blades
 - Level 2.0 Dodging
 + Level 5.4 Stealth
 - Level 2.0 Spellcasting
 - Level 3.0 Hexes


You had 2 spell levels left.
You knew the following spells:

 Your Spells              Type           Power      Damage    Failure   Level
a - Corona                Hex            12%        N/A       5%          1
b - Ensorcelled Hibernat  Hex/Ice        12%        N/A       16%         2

Your spell library contained the following spells:

 Spells                   Type           Power      Damage    Failure   Level
 Animate Skeleton         Necr           2%         N/A       19%         1
 Pain                     Necr           4%         1d4       19%         1
 Confusing Touch          Hex            11%        N/A       17%         3
 Tukima's Dance           Hex            11%        N/A       17%         3
 Dazzling Flash           Conj/Hex       12%        N/A       30%         3
 Vampiric Draining        Necr           0%         2d6       50%         3


Dungeon Overview and Level Annotations

Branches:
Dungeon (2/15)

Altars:


Innate Abilities, Weirdness & Mutations

You cannot wear most types of armour.
You are amphibious.
You can wear up to eight rings at the same time.
Your skin changes colour to match your surroundings (Stealth+).
Your rubbery body absorbs attacks. (AC +1, EV +1)
((You are camouflaged near water. (Stealth+)))
You have tentacles for arms and can constrict up to eight enemies at once.


Message History

Done exploring.
You aren't carrying any scrolls.
You can't go down here!
Done exploring.
(D) Dungeon
Where to? (? - help)
There is an escape hatch in the floor here.
There is a stone staircase leading down here.
You climb downwards.
Found 4 gold pieces.
There is a stone staircase leading up here.
A quokka is nearby!
A quokka is nearby!
A quokka is nearby!
A quokka is nearby!
A kobold comes into view. It is wielding a +0 dagger.
The kobold shouts!
The kobold barely misses you.
A goblin comes into view. It is wielding a +0 club.
The goblin shouts!
You hit the kobold but do no damage. Your grab misses the kobold.
The kobold closely misses you.
A worm comes into view.
The quokka bites you.
You closely miss the kobold. You grab the kobold.
You constrict the kobold, but do no damage.
The kobold closely misses you. The quokka closely misses you.
You hit the kobold but do no damage. You constrict the kobold.
The kobold barely misses you. The quokka closely misses you.
You release your grip on the kobold.
The quokka bites you.
There is a stone staircase leading up here.
The kobold hits you with a +0 dagger. The quokka bites you.
* * * LOW HITPOINT WARNING * * *
You climb upwards.
There is a stone staircase leading down here.
The quokka bites you.
* * * LOW HITPOINT WARNING * * *
You closely miss the quokka. You grab the quokka. You constrict the quokka.
The quokka bites you.
You die...

.####### ### ###.#######
.......######.#########..........
.................................
.#####.######.#######...........#
.###..................##..##.##.#
.................................
.###.#.####.#.#####...##..##.#..#
.# #.#.####.#.#####...##.........
.# #.#..........@rK..............
.# #.#.####.#.#####...##.#.#.....
.# #.#.####.#.#####...##.#.#.#...
.# #.............................
'#####..###.#.######..##.#...#.#.
....##..# #.#.# #..##.#...#.#.
....##..# #.#.# ##.##.#...#...
....###.# #.#.#######.#..#.......
+#### #.# #.#.#..................


You could see a quokka and a kobold.

Vanquished Creatures
  An endoplasm (D:1)
  2 goblins (D:1)
  4 hobgoblins (D:1)
  A kobold (D:1)
  3 bats (D:1)
  A frilled lizard (D:1)
  4 rats (D:1)
16 creatures vanquished.

Notes
Turn   | Place    | Note
-------+----------+-------------------------------------------
     0 | D:1      | zeram the Octopode Enchanter began the quest for the Orb.
     0 | D:1      | Reached XP level 1. HP: 11/11 MP: 3/3
   414 | D:1      | Reached XP level 2. HP: 17/17 MP: 5/5
   507 | D:1      | Learned a level 2 spell: Ensorcelled Hibernation
   533 | D:1      | Reached skill level 5 in Stealth
  1559 | D:1      | Slain by a quokka

Illustrated notes

Levels and vault maps discovered:
D:1:      grunt_arrival_crossed_arrows, layout_basic
D:2:      layout_basic, minmay_cut_off, uniq_sigmund

Skill      XL: |  1  2 |
---------------+-------+-----
Stealth        | 5 |  5.4
Short Blades   | |  1.0
Dodging        | |  2.0
Spellcasting   | |  2.0
Hexes          | |  3.0

Action                   || total
-------------------------++-------
Melee: Dagger            ||    38
       Constrict         ||    11
       Tentacles         ||     3
  Use: Scroll            ||     2
 Stab: Sleeping          ||     3
Armor: Skin              ||     4
Dodge: Dodged            ||    21
